 Dungeon Crawl Stone Soup version 0.19-a0-957-gf4ea323 (webtiles) character file.

303 Implojin the Ruffian (level 6, -1/59 HPs)
             Began as a Troll Fighter on July 11, 2016.
             Slain by Grinder (7 damage)
             ... while paralysed by Grinder
             ... on level 5 of the Dungeon.
             The game lasted 00:03:02 (607 turns).

Implojin the Ruffian (Troll Fighter)                 Turns: 607, Time: 00:03:02

Health: -1/59      AC:  5    Str: 30    XL:     6   Next: 15%
Magic:  5/5        EV:  1    Int:  4    God:
Gold:   29         SH:  0    Dex: 11    Spells: 0 memorised, 5 levels left

rFire  . . .     SeeInvis .       - Unarmed
rCold  . . .     Gourm    +     a - +0 robe
rNeg   . . .     Faith    .     b - +0 shield
rPois  .         Spirit   .     (helmet restricted)
rElec  .         Dismiss  .     (no cloak)
rCorr  .         Reflect  .     (gloves unavailable)
SustAt .         Harm     .     (boots unavailable)
MR     .....                    (no amulet)
Stlth  +.........               (no ring)
                                (no ring)

@: paralysed, mighty, not resistant to hostile enchantments, very unstealthy
A: unfitting armour, claws 3, fast metabolism 3, gourmand, regeneration 2,
shaggy fur 1, tough skin 2
a: no special abilities


You were on level 5 of the Dungeon.
You were completely stuffed.

You visited 1 branch of the dungeon, and saw 7 of its levels.

You collected 29 gold pieces.

Inventory:

Hand Weapons
 r - a cursed -1 flail
Missiles
 q - a throwing net (quivered)
 t - 2 tomahawks
Armour
 a - a +0 robe (worn)
 b - a +0 shield (worn)
Jewellery
 l - an uncursed ring of poison resistance {unknown}
 v - a +2 ring of evasion {unknown}
Scrolls
 h - 2 scrolls of identify {unknown}
 j - a scroll of enchant armour {unknown}
 k - a scroll of immolation {unknown}
 m - a scroll of magic mapping {unknown}
 n - a scroll of amnesia {unknown}
 p - a scroll of random uselessness {unknown}
 u - a scroll of holy word {unknown}
Potions
 e - 2 potions of magic {unknown}
 f - a potion of agility {unknown}
 g - 2 potions of lignification {unknown}
 s - a potion of heal wounds {unknown}
Comestibles
 d - 2 bread rations
 i - a meat ration
 o - a beef jerky
 w - a slice of pizza


   Skills:
 - Level 2.4 Fighting
 - Level 2.4 Dodging
 - Level 2.4 Shields
 * Level 6.5 Unarmed Combat


You had 5 spell levels left.
You didn't know any spells.

Dungeon Overview and Level Annotations

Branches:
Dungeon (7/15)
 Temple: D:4-7

Altars:
Ru
Sif Muna

Annotations:
D:5 Grinder


Innate Abilities, Weirdness & Mutations

You are too large for most types of armour.
You have claws for hands.
Your metabolism is lightning-fast.
You like to eat raw meat.
You heal very quickly.
You are covered in fur. (AC +1)
You have very tough skin. (AC +2)


Message History

Grinder comes into view.
Grinder shouts!
There is a stone staircase leading down here.
You feel very mighty all of a sudden.
Grinder blinks!
Unknown command.
You claw Grinder!
Grinder is heavily wounded.
Grinder hits you.
You writhe in agony.
Your shield prevents you from hitting Grinder.
Grinder is heavily wounded.
Grinder barely misses you.
You claw Grinder!
Grinder is almost dead.
Grinder hits you!
You writhe in agony.
You closely miss Grinder.
Grinder is almost dead.
Grinder gestures at you. Pain shoots through your body!
* * * LOW HITPOINT WARNING * * *
Unknown command.
You completely miss Grinder.
Grinder is almost dead.
Grinder gestures at you.
You suddenly lose the ability to move!
Grinder hits you.
* * * LOW HITPOINT WARNING * * *
You writhe in agony.
* * * LOW HITPOINT WARNING * * *
Grinder hits you!
* * * LOW HITPOINT WARNING * * *
You writhe in agony.
* * * LOW HITPOINT WARNING * * *
Grinder rolls her eyes.
Grinder hits you.
* * * LOW HITPOINT WARNING * * *
Grinder gestures at you.
You shrug off the repeated paralysis!
Grinder hits you!
You die...

## .# #######.#
#.#.(...#.#
......5@#.#
......###.#'###
#.#.#####.....#
#.#.....'.....#
#.#.#####[....#
##.............#
#..............#
#.........######
#.........#


You could see Grinder.

Vanquished Creatures
  An ice beast (D:5)
  A centaur (D:5)
  A giant frog zombie (D:4)
  A worker ant zombie (D:5)
  A gnoll (D:6)
  4 adders
  An ooze (D:2)
  3 dart slugs (D:1)
  A giant gecko (D:1)
  2 ball pythons
  A giant cockroach (D:5)
  A goblin (D:1)
  4 hobgoblins
  4 jackals (D:4)
  3 kobolds
  A quokka (D:6)
  5 bats
  A giant newt (D:3)
  4 rats
40 creatures vanquished.

Notes
Turn   | Place    | Note
-------+----------+-------------------------------------------
     0 | D:1      | Implojin the Troll Fighter began the quest for the Orb.
     0 | D:1      | Reached XP level 1. HP: 22/22 MP: 0/0
    95 | D:1      | Reached XP level 2. HP: 29/29 MP: 1/1
   151 | D:1      | Reached skill level 3 in Unarmed Combat
   232 | D:2      | Reached XP level 3. HP: 33/36 MP: 2/2
   320 | D:2      | Reached skill level 4 in Unarmed Combat
   336 | D:3      | Found a deep blue altar of Sif Muna.
   356 | D:3      | Found a sacrificial altar of Ru.
   399 | D:4      | Reached XP level 4. HP: 44/44 MP: 3/3
   430 | D:5      | Entered Level 5 of the Dungeon
   433 | D:5      | Noticed a centaur
   443 | D:5      | Killed a centaur
   443 | D:5      | Reached skill level 5 in Unarmed Combat
   443 | D:5      | Reached XP level 5. HP: 50/50 MP: 4/4
   572 | D:5      | Noticed an ice beast
   580 | D:5      | Killed an ice beast
   580 | D:5      | Reached skill level 6 in Unarmed Combat
   580 | D:5      | Reached XP level 6. HP: 44/59 MP: 5/5
   596 | D:5      | Noticed Grinder
   602 | D:5      | Paralysed by Grinder for 7 turns
   607 | D:5      | Slain by Grinder

Vault maps used:
D:1:      minmay_arrival_shattered_statue
D:2:      zin_purify
D:3:      lemuel_crystal_altar, overflow_temple_1_default,
          nicolae_ru_awakened_eye
D:4:      uniq_pikel
D:5:      elyvilon_altar_5, first_bread, st_stairs_7, uniq_menkaure,
          uniq_grinder
D:6:      minmay_door_square, cheibriados_altar_1, uniq_sigmund
D:7:      uniq_duvessa, uniq_joseph

Skill      XL: |  1  2  3  4  5 |
---------------+----------------+-----
Unarmed Combat | 3 4 5 6 |  6.5
Fighting       | |  2.4
Dodging        | |  2.4
Shields        | |  2.4

Action                   |  1- 3 |  4- 6 || total
-------------------------+-------+-------++-------
Melee: Unarmed           |    70 |    48 ||   118
  Use: Potion            |       |     1 ||     1
  Eat: Chunk             |       |    11 ||    11
Armor: Robe              |   141 |    23 ||   164
Dodge: Dodged            |   128 |    23 ||   151
Block: Shield            |   158 |    33 ||   191

Table legend:
 A = Turns spent in this place as a percentage of turns spent in the entire game.
 B = Non-inter-level travel turns spent in this place as a percentage of non-inter-level travel turns spent in the entire game.
 C = Inter-level travel turns spent in this place as a percentage of turns spent in this place.
 D = Turns resting spent in this place as a percentage of non-inter-level travel turns spent in this place.
 E = Turns spent auto-exploring this place as a percentage of non-inter-level travel turns spent in this place.
 F = Non-inter-level travel turns spent in this place divided by the number of levels of this place that you've seen.
                   A       B       C       D       E      F
               +-------+-------+-------+-------+-------+----------------------
         Total | 100.0 | 100.0 |   0.0 |   0.0 |   0.0 |  82.3
       Dungeon | 100.0 | 100.0 |   0.0 |   0.0 |   0.0 |  82.3
               +-------+-------+-------+-------+-------+----------------------

Table legend:
 A = Kills in this place as a percentage of kills in entire the game.
 B = Kills by you in this place as a percentage of kills by you in the entire game.
 C = Kills by friends in this place as a percentage of kills by friends in the entire game.
 D = Other kills in this place as a percentage of other kills in the entire game.
 E = Experience gained in this place as a percentage of experience gained in the entire game.
 F = Experience gained in this place divided by the number of levels of this place that you have seen.
                   A       B       C       D       E      F
               +-------+-------+-------+-------+-------+----------------------
         Total | 100.0 | 100.0 |  -nan |  -nan | 100.0 |  61.9
       Dungeon | 100.0 | 100.0 |  -nan |  -nan | 100.0 |  61.9
               +-------+-------+-------+-------+-------+----------------------
